AoeStats
← Mryo's fans

Arena

510617818Analyzed
4v4 RM · 2d ago on Oct 1, 2026· 45m 42s· 8 players
Game mode
Random Map
Map size
Large (8 player)
Population
200
Speed
Normal
Resources
Standard
Victory
Conquest
Starting age
Dark Age
Ending age
Imperial Age
RankedLock teamsTeams togetherTeam positionsShared explorationLock speedFull tech treeHidden civsTurbo modeCheats
Victory
Defeat
🇨🇳 Mongols · China
1176
+15
🇨🇭 Goths · Switzerland
1172
+15
🇪🇸 Slavs · Spain
1127
+17
🇫🇷 Teutons · France
1084
+17
🇨🇿 Poles · Czechia
1161
-17
🇨🇿 Portuguese · Czechia
1154
-17
🇨🇿 Burgundians · Czechia
1146
-16
🇨🇿 Turks · Czechia
1102
-14
COBREL8A
10:01 Feudal Age
14:22 Castle Age
14:10 Fletching
15:27 Bodkin Arrow
16:15 Loom
19:46 Detinets
20:25 Wheelbarrow
Mirshal
8:31 Loom
10:17 Feudal Age
16:07 Castle Age
18:59 Double-Bit Axe
23:06 Wheelbarrow
25:09 Bow Saw
24:40 Horse Collar
26:12 Hand Cart
28:10 Gold Mining
28:11 Stone Mining
28:23 Heavy Plow
32:52 Imperial Age
30:34 Scale Barding Armor
30:40 Forging
31:36 Chain Barding Armor
31:19 Scale Mail Armor
31:07 Pikeman
31:48 Squires
31:33 Arson
33:19 Iron Casting
32:57 Bloodlines
34:28 Chain Mail Armor
34:49 Plate Barding Armor
33:36 Cavalier
35:21 Two-Man Saw
34:53 Crop Rotation
36:05 Blast Furnace
35:45 Paladin
38:06 Plate Mail Armor
Dvu
11:37 Feudal Age
12:09 Loom
16:36 Castle Age
14:48 Horse Collar
17:40 Double-Bit Axe
18:12 Heavy Plow
18:35 Bow Saw
22:13 Wheelbarrow
22:21 Scale Barding Armor
24:24 Bloodlines
28:03 Chain Barding Armor
28:09 Hand Cart
31:41 Imperial Age
30:01 Forging
30:00 Husbandry
29:22 Light Cavalry
30:05 Scale Mail Armor
29:57 Elite Skirmisher
30:11 Pikeman
31:05 Gold Mining
33:42 Fletching
33:53 Padded Archer Armor
34:56 Chemistry
34:40 Iron Casting
34:04 Halberdier
37:58 Bodkin Arrow
39:05 Blast Furnace
38:21 Leather Archer Armor
42:05 Chain Mail Armor
43:03 Squires
42:23 Man-at-Arms
43:05 Bracer
43:36 Ring Archer Armor
Mryo's fans
10:06 Feudal Age
11:50 Double-Bit Axe
14:07 Castle Age
12:28 Horse Collar
22:03 Stone Mining
23:44 Wheelbarrow
24:19 Heavy Plow
25:31 Loom
26:26 Town Watch
27:06 Fletching
30:15 Imperial Age
28:38 Ballistics
28:15 Bodkin Arrow
28:38 Padded Archer Armor
29:01 Hand Cart
28:40 Gold Mining
29:14 Scale Barding Armor
29:50 Scale Mail Armor
30:02 Forging
30:19 Leather Archer Armor
30:19 Thumb Ring
31:28 Bracer
32:33 Chemistry
31:55 Bow Saw
33:06 Parthian Tactics
33:34 Conscription
33:37 Chain Barding Armor
33:32 Husbandry
33:44 Bloodlines
35:20 Iron Casting
34:22 Capped Ram
37:54 Blast Furnace
37:35 Drill
36:40 Elite Mangudai
36:53 Light Cavalry
37:56 Town Patrol
37:36 Siege Ram
38:42 Siege Engineers
45:24 Scale Mail Armor
45:11 Hussar
klimpa
11:29 Feudal Age
17:04 Castle Age
14:58 Double-Bit Axe
15:05 Gold Mining
16:18 Horse Collar
19:27 Loom
20:22 Town Watch
23:29 Imperial Age
24:11 Bow Saw
27:07 Padded Archer Armor
37:59 Two-Man Saw
43:07 Leather Archer Armor
43:21 Heavy Plow
psisko Šájisko
9:30 Feudal Age
8:09 Double-Bit Axe
8:26 Horse Collar
17:20 Castle Age
16:15 Bow Saw
16:17 Heavy Plow
21:21 Crop Rotation
24:07 Gold Mining
25:25 Gold Shaft Mining
28:35 Cavalier
29:16 Husbandry
29:25 Scale Barding Armor
29:31 Forging
29:16 Light Cavalry
35:52 Stone Mining
45:05 Imperial Age
43:31 Fletching
H3zy
11:30 Feudal Age
15:37 Castle Age
13:42 Horse Collar
13:49 Double-Bit Axe
23:13 Bow Saw
24:28 Wheelbarrow
23:41 Town Watch
24:15 Gold Mining
29:34 Imperial Age
28:11 Fletching
29:44 Crossbowman
30:42 Hand Cart
30:14 Loom
30:44 Thumb Ring
31:54 Bodkin Arrow
31:21 Arbalester
33:05 Chemistry
32:26 Ballistics
32:46 Heavy Plow
41:49 Pikeman
42:31 Bracer
42:40 Scale Mail Armor
Hofi
11:17 Feudal Age
11:50 Horse Collar
12:02 Stone Mining
11:58 Double-Bit Axe
17:43 Castle Age
19:01 Bow Saw
19:00 Heavy Plow
19:36 Scale Mail Armor
19:54 Gold Mining
20:57 Chain Mail Armor
23:34 Stone Shaft Mining
26:27 Imperial Age
27:32 Forging
27:55 Crop Rotation
30:10 Plate Mail Armor
30:44 Conscription
31:39 Iron Casting
30:34 Elite Obuch
34:41 Loom
35:32 Wheelbarrow
34:43 Town Watch
37:57 Blast Furnace
37:03 Scale Barding Armor
37:51 Lechitic Legacy
37:20 Light Cavalry
38:11 Bloodlines
38:07 Winged Hussar
38:48 Husbandry
41:27 Chain Barding Armor
40:58 Fletching
43:17 Bodkin Arrow
Connection lost

Rejoining the realm…

Still unreachable

The connection could not be restored.

Session expired

The server has moved on; the page needs a fresh start.